Map: Ever Dream LE

Players

Reynor

  • Race: Zerg Zerg
  • League: Master
  • Spawn Location: 7:00

LiquidClem (Clem) - Winner!

  • Race: Terran Terran
  • League: Master
  • Spawn Location: 1:00

Event: DreamHack SC2 Masters 2020 Fall

VOD

Have the link to the VOD?

Description

Time

  • Played on: Sept. 12, 2020, 2:11 p.m.
  • Length: 12:07

All games in this series

Show
View Real Time Build Order
Export as new Build Order

Reynor Zerg 

Build Orders: Hatch First 

Get SALT Encoding   

  12  0:00  Drone  
  13  0:12  Overlord  
  13  0:17  Drone  
  14  0:32  Drone x2  
  16  0:48  Hatchery  
  15  0:51  Drone  
  15  0:55  Drone  
  17  0:58  Drone  
  18  1:08  Extractor  
  17  1:13  Spawning Pool  
  17  1:16  Drone  
  17  1:20  Drone  
  18  1:28  Drone  
  19  1:38  Drone  
  20  1:49  Drone  
  21  2:00  Zergling x4  
  21  2:01  Queen x2  
  27  2:14  Hatchery  
  26  2:19  Overlord  
  26  2:23  Drone  
  26  2:26  Drone  
  28  2:35  Drone  
  28  2:40  Drone x2  
  28  2:41  Metabolic Boost  
  30  2:46  Zergling x2  
  30  2:50  Queen  
  33  2:54  Drone  
  33  2:55  Overlord  
  34  2:59  Zergling x2  
  34  3:04  Drone  
  36  3:14  Drone x4  
  36  3:17  Queen  
  36  3:19  Overlord  
  42  3:21  Drone  
  42  3:25  Drone  
  44  3:29  Drone  
  44  3:31  Drone  
  46  3:37  Drone  
  46  3:38  Drone  
  48  3:41  Drone  
  48  3:42  Queen  
  48  3:47  Zergling x4  
  53  3:48  Zergling x2  
  53  3:50  Spore Crawler  
  53  3:52  Drone x2  
  55  3:56  Overlord  
  55  3:57  Drone x2  
  55  4:00  Zergling x2  
  58  4:06  Overlord  
  58  4:09  Baneling Nest  
  58  4:13  Overlord  
  58  4:16  Zergling x6  
  61  4:19  Drone  
  61  4:20  Extractor  
  61  4:21  Queen  
  61  4:22  Drone  
  64  4:26  Drone  
  64  4:27  Spore Crawler  
  64  4:28  Drone  
  64  4:31  Spore Crawler, Drone x2  
  67  4:32  Drone  
  67  4:33  Drone  
  67  4:34  Drone  
  67  4:38  Drone  
  70  4:40  Spore Crawler  
  70  4:44  Drone x4  
  73  4:49  Overlord  
  73  4:50  Drone  
  74  4:58  Zergling x2  
  74  5:00  Overlord  
  74  5:01  Lair  
  74  5:08  Drone x2  
  74  5:11  Drone x4  
  74  5:14  Drone  
  81  5:20  Drone x4  
  81  5:21  Overlord  
  85  5:25  Queen  
  87  5:31  Drone x4  
  87  5:33  Queen  
  90  5:37  Overlord  
  90  5:42  Zergling x4  
  91  5:48  Zergling x6  
  94  5:51  Zergling x8  
  94  5:52  Zergling x4  
  94  5:53  Drone  
  94  5:56  Drone x2  
  93  5:57  Drone x2  
  93  5:59  Extractor  
  93  6:00  Extractor  
  93  6:06  Drone  
  93  6:07  Evolution Chamber  
  93  6:08  Evolution Chamber  
  93  6:09  Drone  
  93  6:11  Hatchery  
  93  6:17  Overlord  
  91  6:21  Zergling x2  
  91  6:22  Zergling x4  
  91  6:23  Zergling x2  
  91  6:25  Zergling x4  
  97  6:26  Pneumatized Carapace  
  97  6:28  Zergling x6  
  100  6:34  Zerg Melee Weapons Level 1, Zerg Ground Armor Level 1  
  100  6:35  Zergling x2  
  100  6:39  Baneling x4  
  103  6:40  Zergling x10  
  103  6:45  Baneling x4  
  103  6:46  Baneling x2  
  106  6:47  Zergling x2  
  106  6:51  Zergling x4  
  109  6:55  Zergling x8  
  109  6:58  Spawning Pool  
  109  7:00  Zergling x4  
  109  7:01  Zergling x2, Baneling x2  
  106  7:02  Baneling  
  106  7:03  Drone  
  106  7:07  Hydralisk Den, Extractor  
  106  7:08  Zergling x8  
  108  7:10  Overlord, Spore Crawler  
  109  7:16  Drone x2  
  109  7:21  Overlord  
  111  7:23  Zergling x2  
  111  7:28  Overlord x2  
  114  7:30  Drone x3  
  114  7:32  Drone  
  114  7:34  Extractor  
  114  7:35  Baneling x4  
  115  7:40  Zergling x12  
  113  7:47  Zergling x2  
  113  7:48  Zergling x6  
  113  7:49  Zergling x2, Baneling x9  
  113  7:50  Zergling x2, Centrifical Hooks  
  113  7:51  Zergling x2, Baneling x2  
  117  7:52  Zergling x4  
  117  7:57  Overseer  
  120  8:03  Zergling x8  
  120  8:05  Zergling x4  
  112  8:07  Zergling x4  
  112  8:09  Zergling x2  
  112  8:11  Baneling x7  
  112  8:12  Zergling x2  
  112  8:14  Zergling x2  
  112  8:16  Zergling x6  
  111  8:20  Infestation Pit  
  111  8:21  Lurker Den  
  111  8:25  Drone x4  
  113  8:27  Drone  
  113  8:35  Zergling x12  
  113  8:37  Hatchery  
  113  8:38  Baneling x2  
  113  8:39  Baneling x6  
  118  8:41  Drone  
  118  8:42  Queen  
  118  8:45  Zergling x2  
  121  8:51  Zergling x18  
  130  8:59  Overlord  
  130  9:02  Drone x5  
  132  9:04  Drone  
  126  9:12  Zergling x8  
  126  9:14  Zerg Melee Weapons Level 2  
  126  9:15  Hive  
  128  9:18  Queen  
  128  9:20  Zergling x4  
  128  9:22  Zergling x4  
  129  9:30  Spawning Pool, Overlord  
  126  9:32  Hydralisk x4  
  126  9:33  Hydralisk  
  136  9:40  Overseer  
  136  9:43  Baneling x5  
  135  9:52  Baneling x8  
  131  9:54  Drone x5  
  131  9:55  Drone x2  
  131  9:56  Extractor  
  131  9:57  Extractor  
  131  9:59  Baneling x6  
  130  10:17  Zergling x32  
  130  10:20  Zergling x2  
  139  10:24  Baneling  
  139  10:25  Overlord, Baneling x9  
  139  10:26  Zergling x6  
  142  10:28  Lurker x3  
  142  10:32  Overlord  
  142  10:35  Overlord  
  138  10:36  Zergling x8  
  138  10:40  Hydralisk x2  
  138  10:45  Zergling x4  
  138  10:47  Seismic Spines  
  131  10:50  Zergling x2, Hydralisk  
  131  10:53  Hatchery  
  131  10:54  Zergling x16  
  141  10:58  Zergling x6  
  141  11:03  Spire  
  137  11:04  Hydralisk x2  
  137  11:10  Zergling x2  
  136  11:14  Zergling x4  
  126  11:19  Zergling x2  
  126  11:26  Hydralisk x2  
  126  11:29  Hydralisk  
  119  11:34  Zergling x2, Hydralisk x2  
  119  11:39  Hydralisk x2  
  111  11:45  Zergling x2  
  111  11:46  Zergling x4  
  110  12:03  Hatchery  
Show
View Real Time Build Order
Export as new Build Order

LiquidClem Terran - Winner!

Build Orders: Liberator Opening, Reaper Expand 

Get SALT Encoding   

  12  0:00  SCV  
  13  0:12  SCV  
  14  0:17  Supply Depot  
  14  0:24  SCV  
  15  0:38  SCV  
  15  0:40  Barracks  
  16  0:42  Refinery  
  16  0:50  SCV  
  17  1:02  SCV  
  18  1:15  SCV  
  19  1:26  Reaper  
  19  1:27  Orbital Command  
  20  1:39  Command Center  
  20  1:47  Supply Depot  
  20  1:52  SCV  
  21  1:58  Marine  
  22  2:04  SCV  
  23  2:11  Factory  
  23  2:13  Refinery  
  23  2:17  SCV  
  23  2:19  Barracks Reactor  
  24  2:29  SCV  
  25  2:41  SCV  
  26  2:54  SCV, Orbital Command  
  26  2:55  Starport  
  27  3:02  Hellion x2  
  32  3:06  SCV, Barracks Tech Lab  
  32  3:12  Supply Depot  
  32  3:18  SCV  
  32  3:19  SCV  
  34  3:23  Hellion x2  
  38  3:30  SCV  
  38  3:32  Liberator  
  42  3:35  SCV  
  42  3:36  Supply Depot  
  42  3:41  Stimpack  
  43  3:42  SCV  
  43  3:46  Hellion  
  43  3:48  Hellion  
  48  3:49  SCV  
  48  3:54  SCV  
  50  4:02  SCV  
  51  4:08  Command Center  
  52  4:13  Hellion  
  52  4:14  Hellion  
  52  4:15  SCV  
  52  4:16  SCV  
  57  4:19  Starport Reactor  
  57  4:27  SCV  
  57  4:28  Supply Depot  
  58  4:34  SCV  
  58  4:37  Barracks  
  59  4:40  Marine  
  59  4:41  Barracks  
  59  4:42  SCV  
  59  4:44  Factory Reactor  
  61  4:46  SCV  
  61  4:50  Engineering Bay  
  61  4:51  Engineering Bay  
  61  4:54  SCV  
  61  4:58  SCV  
  61  4:59  Marine  
  63  5:04  Starport Reactor  
  63  5:05  Refinery  
  63  5:06  SCV  
  65  5:10  SCV  
  65  5:14  Supply Depot, Refinery  
  66  5:17  Terran Infantry Weapons Level 1, Marine, Terran Infantry Armor Level 1  
  66  5:18  SCV  
  68  5:22  SCV, Orbital Command  
  68  5:25  Combat Shield  
  68  5:26  Marine x2  
  71  5:32  SCV  
  71  5:35  Marine  
  73  5:36  Marine  
  73  5:37  Widow Mine x2, Marine  
  73  5:42  Supply Depot  
  79  5:43  Medivac  
  79  5:44  Marine x2  
  79  5:46  Medivac  
  79  5:49  SCV  
  86  5:52  SCV  
  86  5:53  Marine  
  86  5:54  Marine  
  80  5:57  Marine  
  80  6:02  Orbital Command  
  81  6:05  Marine  
  81  6:06  Widow Mine x2, Barracks x2  
  81  6:09  SCV x2  
  88  6:14  Supply Depot, Marine  
  88  6:17  Marine x2  
  86  6:19  Medivac  
  86  6:21  Medivac  
  90  6:25  Marine  
  90  6:29  Marine  
  90  6:30  SCV x3  
  95  6:34  Armory  
  95  6:41  Widow Mine x2  
  95  6:42  Marine  
  95  6:45  Marine x2  
  95  6:46  Supply Depot, Marine  
  103  6:47  SCV x2  
  103  6:49  SCV  
  103  6:51  Marine  
  107  6:57  Barracks Reactor  
  107  6:58  Barracks Reactor  
  107  7:00  SCV, Marine  
  107  7:02  SCV x2  
  107  7:08  Marine x3, Widow Mine x2  
  116  7:13  SCV, Supply Depot  
  117  7:21  Supply Depot  
  117  7:28  Supply Depot, Terran Infantry Armor Level 2, Terran Infantry Weapons Level 2  
  117  7:35  SCV x2, Medivac x2, Marine x2  
  125  7:38  Supply Depot  
  125  7:43  Marine x7  
  132  7:49  Refinery  
  132  7:50  Widow Mine x2, Factory  
  136  7:52  SCV, Marine  
  136  7:54  SCV  
  136  7:56  SCV, Command Center  
  140  8:01  Marine  
  140  8:02  Marine  
  140  8:03  Marine  
  140  8:04  SCV  
  132  8:09  Marine  
  132  8:10  Medivac, Marine x2  
  132  8:11  Medivac, Marine x2  
  132  8:12  Widow Mine x2  
  137  8:15  Marine  
  137  8:16  SCV  
  136  8:21  Supply Depot  
  136  8:24  Marine x2  
  136  8:25  Marine  
  139  8:27  Marine  
  139  8:28  Terran Vehicle And Ship Armor Level 1  
  139  8:32  Marine x2  
  139  8:34  Widow Mine  
  144  8:35  Factory Tech Lab  
  144  8:36  Marine x2  
  144  8:37  SCV  
  147  8:44  Marine x2  
  147  8:46  Marine x2  
  147  8:47  Marine  
  152  8:50  Marine x2  
  154  8:58  SCV  
  154  9:02  Widow Mine  
  156  9:06  Supply Depot  
  156  9:07  Supply Depot  
  156  9:08  Widow Mine  
  156  9:09  Marine  
  156  9:10  Marine x3  
  156  9:14  Marine x2  
  156  9:16  Drilling Claws  
  161  9:20  Barracks x2  
  161  9:21  Widow Mine, Barracks  
  161  9:24  Marine  
  157  9:25  Marine  
  157  9:27  Marine  
  159  9:32  Liberator x2  
  159  9:33  Widow Mine x2  
  169  9:39  Planetary Fortress  
  169  9:40  Marine  
  169  9:41  Marine  
  169  9:42  SCV x3  
  174  9:49  Marine x2, Widow Mine  
  174  9:51  Marine x3  
  174  9:52  Marine x2  
  183  9:55  Widow Mine  
  183  9:58  Marine x2  
  185  10:07  Marine  
  177  10:14  Widow Mine  
  177  10:15  Barracks Tech Lab  
  177  10:18  Marine x2  
  177  10:19  Marauder, Widow Mine  
  173  10:25  Marine x2  
  173  10:27  Command Center  
  175  10:29  Marine  
  175  10:30  Medivac x2, Marine x2  
  175  10:33  Marine x2  
  180  10:35  Barracks Tech Lab  
  180  10:40  Marauder, Widow Mine  
  180  10:41  Marine x2  
  180  10:42  Marauder  
  186  10:43  Widow Mine x2  
  184  10:51  Marine x3  
  184  10:53  Marine x2  
  184  10:56  Barracks Tech Lab  
  186  11:00  Medivac  
  186  11:01  Marauder, Marine x2, Widow Mine  
  189  11:05  Marauder, Widow Mine x2, Marine x2  
  194  11:15  Marauder, Ghost Academy  
  196  11:24  Command Center  
  196  11:32  Widow Mine  
  196  11:33  SCV x2  
  196  11:34  Marauder, Marine  
  196  11:35  SCV, Marauder, Marine  
  196  11:39  Widow Mine  
  197  11:40  Marine  
  197  11:41  Marauder  

Tags
 
Add a new tag
Caveats
  • Supply blocks, unpowered buildings, or Contaminate may cause inaccurate times.
  • Supply counts are checked every 10 seconds.